 Dungeon Crawl Stone Soup version 0.14.1-26-g5a19342 (webtiles) character file.

4865 Kae the Bludgeoner (level 10, -8/77 HPs)
             Began as a Minotaur Berserker on July 24, 2014.
             Was a High Priest of Trog.
             Mangled by SaintRoka's ghost (9 damage)
             ... on Level 10 of the Dungeon.
             The game lasted 00:10:43 (9101 turns).

Kae the Bludgeoner (Minotaur Berserker)             Turns: 9101, Time: 00:10:43

HP  -8/77        AC 13     Str 23      XL: 10   Next: 16%
MP   4/4         EV  7     Int  7      God: Trog [*****.]
Gold 352         SH  0     Dex 11      Spells:  0 memorised,  9 levels left

rFire  . . .     SeeInvis .     a - +1,-3 mace
rCold  . . .     Clarity  .     m - +0 chain mail
rNeg   + . .     Conserve .     (no shield)
rPois  .         rCorr    .     (helmet restricted)
rElec  .         rRot     .     I - +2 cloak
SustAb . .       Spirit   .     u - +0 pair of gloves
rMut   .         Warding  +     (no boots)
Saprov . . .     Stasis   .     b - amulet of warding
MR     .....                    (no ring)
                                G - +2 ring of dexterity

@: about to teleport, exhausted, very slightly contaminated, slowed, very slow,
not resistant to hostile enchantments, extremely unstealthy
A: retaliatory headbutt, horns 2
a: Burn Spellbooks, Berserk, Trog's Hand, Brothers in Arms, Renounce Religion


You were on level 10 of the Dungeon.
You worshipped Trog.
Trog was extremely pleased with you.
You were near starving.

You visited 1 branch of the dungeon, and saw 10 of its levels.
You also visited: Ossuary.

You collected 352 gold pieces.

Inventory:

Hand weapons
 a - a +1,-3 mace (weapon)
Armour
 m - a +0 chain mail (worn)
 u - a +0 pair of gloves (worn)
 I - a +2 cloak (worn)
Magical devices
 y - a wand of teleportation (5) {unknown}
Comestibles
 c - 10 bread rations
 d - 3 apples
 f - 3 meat rations
 x - 4 royal jellies
 E - 3 chokos
Scrolls
 e - 2 scrolls of noise
 i - 9 scrolls of identify
 l - 3 scrolls of enchant weapon II
 o - 3 scrolls of enchant weapon I
 q - 3 scrolls of remove curse
 r - a scroll of summoning {unknown}
 v - a scroll of random uselessness
 w - a scroll of amnesia
 A - a scroll of teleportation
 K - a scroll of enchant weapon III {unknown}
Jewellery
 b - an amulet of warding (around neck)
 g - an uncursed ring of fire
 p - an uncursed ring of teleportation
 t - an uncursed amulet of conservation
 G - a +2 ring of dexterity (left hand)
Potions
 h - 2 potions of paralysis {unknown}
 k - 3 potions of poison {unknown}
 n - 8 potions of curing
 z - a potion of might
 B - a potion of mutation {unknown}
 C - 4 potions of heal wounds {unknown}
 D - a potion of brilliance {unknown}
 F - a potion of haste {unknown}
 H - a potion of lignification {unknown}


   Skills:
 - Level 3.6 Fighting
 + Level 16.7 Maces & Flails
 - Level 2.4 Armour
 - Level 2.1 Dodging


You had 9 spell levels left.
You didn't know any spells.

Dungeon Overview and Level Annotations

Branches:
Dungeon (10/15)            Temple (0/1) D:7
    Orc: D:9-12        Lair: D:8-11

Altars:
Cheibriados
Elyvilon
Okawaru
Zin
The Shining One

Annotations:
D:10 SaintRoka's ghost, powerful HOMo


Innate Abilities, Weirdness & Mutations

You reflexively headbutt those who attack you in melee.
You have a pair of horns on your head.


Message History

Drink which item? (? for menu, Esc to quit)
Okay, then.
Unknown command.
Read which item? (? for menu, Esc to quit)
As you read the scroll of teleportation, it crumbles to dust.
You feel strangely unstable. The quokka barely misses you.
You furiously retaliate!
You headbutt the quokka!
You kill the quokka!
The quokka's corpse disappears in a puff of smoke!
SaintRoka's ghost casts a spell.
The bat completely misses you. The green rat bites you!
* * * LOW HITPOINT WARNING * * *
SaintRoka's ghost hits you but does no damage.
Drink which item? (? for menu, Esc to quit)
You feel better.
It was a potion of curing.
The bat closely misses you.
The orc warrior hits you with a runed dire flail {god gift}!
* * * LOW HITPOINT WARNING * * *
x2 The green rat tries to attack you, but flinches away.
SaintRoka's ghost hits you!
You die...

.... ..... .....
#...# ### # #.# ###
##### ####.# ..#
#...# #.##.#
..####...######o##.#
..............b.@#.#
..#####.#####...rp.##
..# #.#
#.###...###### ..#
#.. #.# #.....>..#
..# ####
#.###....###.#### ..#
#.......<........ ..#
####.....#.....## #.#
##...## ..... #.#
##.## ...#


You could see an orc warrior, SaintRoka's ghost, a green rat and a bat.

Vanquished Creatures
  2 trolls (D:9)
  A two-headed ogre (D:9)
  A wyvern (D:9)
  2 hungry ghosts
  A water moccasin (D:9)
  A yellow wasp (D:9)
  2 orc warriors
  Purgy (D:3)
  A sky beast (D:6)
  5 ogres
  3 ice beasts
  Sigmund (D:3)
  5 giant frogs
  A gnoll sergeant (D:8)
  2 scorpions
  5 killer bees (D:7)
  2 goliath beetles
  2 crimson imps (D:5)
  A quasit (D:7)
  A yellow wasp zombie (D:9)
  5 jellies
  4 hounds
  A two-headed ogre zombie (D:6)
  8 orc wizards
  Natasha (D:3)
  6 worker ants
  7 big kobold zombies (Ossuary)
  Ijyb (D:2)
  An ogre skeleton (D:4)
  Terence (D:3)
  A mummy (Ossuary)
  4 gnolls (D:8)
  4 adders
  3 shadow imps
  An inept item mimic (D:4)
  3 worms
  An adder skeleton (D:6)
  A giant eyeball (D:5)
  5 giant geckos
  6 oozes
  18 orcs
  2 spectral bats (Ossuary)
  13 bats
  4 bat simulacra (Ossuary)
  A bat skeleton (D:6)
  5 gnoll zombies (Ossuary)
  9 goblins
  12 hobgoblins
  12 jackals
  5 quokkas
  6 ball pythons
  4 giant cockroaches
  7 giant newts
  3 goblin simulacra (Ossuary)
  4 goblin zombies (Ossuary)
  7 hobgoblin zombies (Ossuary)
  A jackal skeleton (D:4)
  13 kobolds
  3 kobold simulacra (Ossuary)
  5 kobold zombies
  2 orc skeletons
  4 orc zombies
  A quokka skeleton (D:4)
  4 rats
  4 rat simulacra (Ossuary)
  A rat skeleton (D:4)
  3 spectral goblins (Ossuary)
  3 spectral rats (Ossuary)
  3 ballistomycetes (D:8)
263 creatures vanquished.

Vanquished Creatures (others)
  A giant spore (D:8)
1 creature vanquished.

Grand Total: 264 creatures vanquished

Notes
Turn   | Place    | Note
--------------------------------------------------------------
     0 | D:1      | Kae, the Minotaur Berserker, began the quest for the Orb.
     0 | D:1      | Reached XP level 1. HP: 19/19 MP: 1/1
   324 | D:1      | Reached skill level 4 in Maces & Flails
   378 | D:1      | Reached XP level 2. HP: 23/26 MP: 1/1
   795 | D:1      | Acquired Trog's second power
   901 | D:2      | Reached skill level 5 in Maces & Flails
   939 | D:2      | Reached XP level 3. HP: 20/31 MP: 2/2
  1063 | D:2      | Noticed Ijyb
  1089 | D:2      | Killed Ijyb
  1674 | D:2      | Reached XP level 4. HP: 28/39 MP: 2/2
  1718 | D:3      | Noticed Terence
  1718 | D:3      | Noticed Sigmund
  1723 | D:3      | Killed Sigmund
  1723 | D:3      | Reached skill level 7 in Maces & Flails
  1723 | D:3      | Reached XP level 5. HP: 45/45 MP: 2/2
  1729 | D:3      | Killed Terence
  1868 | D:3      | Noticed Purgy
  1884 | D:3      | Killed Purgy
  1884 | D:3      | Reached skill level 8 in Maces & Flails
  2128 | D:3      | Noticed Natasha
  2136 | D:3      | Killed Natasha
  2136 | D:3      | Reached XP level 6. HP: 45/51 MP: 3/3
  2824 | D:4      | Reached skill level 9 in Maces & Flails
  2967 | D:4      | Reached XP level 7. HP: 57/57 MP: 3/3
  3197 | D:4      | Reached skill level 10 in Maces & Flails
  3596 | D:5      | Entered Level 5 of the Dungeon
  3738 | D:5      | Acquired Trog's third power
  4038 | D:5      | Reached skill level 11 in Maces & Flails
  4211 | D:6      | Found a sand-covered staircase.
  4342 | Ossuary  | Entered an ossuary
  4384 | Ossuary  | Reached XP level 8. HP: 59/64 MP: 3/3
  4772 | D:6      | Reached skill level 12 in Maces & Flails
  4870 | D:6      | Found a glowing golden altar of the Shining One.
  6187 | D:7      | Found a staircase to the Ecumenical Temple.
  6263 | D:7      | Found a snail-covered altar of Cheibriados.
  6275 | D:7      | Found a white marble altar of Elyvilon.
  6356 | D:7      | Reached skill level 13 in Maces & Flails
  6870 | D:7      | Reached XP level 9. HP: 38/70 MP: 4/4
  6884 | D:7      | Reached skill level 14 in Maces & Flails
  8139 | D:8      | Reached skill level 15 in Maces & Flails
  8413 | D:9      | Reached skill level 16 in Maces & Flails
  8584 | D:9      | Reached XP level 10. HP: 77/77 MP: 4/4
  8868 | D:9      | Found an iron altar of Okawaru.
  8870 | D:9      | Found a glowing silver altar of Zin.
  9020 | D:10     | Entered Level 10 of the Dungeon
  9062 | D:10     | Received a gift from Trog
  9096 | D:10     | Noticed SaintRoka's ghost (powerful HOMo)
  9101 | D:10     | HP: 2/77 [orc warrior/runed dire flail {god gift} (14)]
  9101 | D:10     | Mangled by SaintRoka's ghost

Action                   |  1- 3 |  4- 6 |  7- 9 | 10-12 || total
-------------------------+-------+-------+-------+-------++-------
Melee: Mace              |    97 |    83 |   611 |    77 ||   868
Invok: Berserk           |       |     4 |     7 |     1 ||    12
       Trog's Hand       |       |       |     4 |       ||     4
  Use: Scroll            |       |       |    13 |     2 ||    15
       Potion            |       |       |       |     1 ||     1
 Stab: Sleeping          |     1 |       |       |       ||     1
